 Dungeon Crawl Stone Soup version 0.27-a0-1188-g73eefd5def (webtiles) character file.

Game seed: 17066247021454931465

16 Hamester5 the Caller (level 2, 0/20 HPs)
             Began as a Barachi Summoner on May 22, 2021.
             Was a Follower of Makhleb.
             Slain by a hobgoblin (4 damage)
             ... on level 1 of the Dungeon.
             The game lasted 00:09:45 (1556 turns).

Hamester5 the Caller (Barachi Summoner)             Turns: 1556, Time: 00:09:45

Health: 0/20       AC:  2    Str:  9    XL:     2   Next: 54%
Magic:  4/5        EV: 12    Int: 15    God:    Makhleb [*.....]
Gold:   16         SH:  0    Dex: 12    Spells: 4/5 levels left

rFire    . . .     SeeInvis .   (no weapon)
rCold    . . .     Faith    .   (no shield)
rNeg     . . .     Spirit   .   a - +0 robe
rPois    .         Reflect  .   (no helmet)
rElec    .         Harm     .   (no cloak)
rCorr    .         Rampage  .   (no gloves)
Will     .....                  (no boots)
Stlth    ++........             (no amulet)
HPRegen  0.06/turn              (no ring)
MPRegen  0.09/turn              (no ring)

@: slow
A: amphibious, slowness 1, strong legs 1, +LOS
a: Hop, Renounce Religion


You were on level 1 of the Dungeon.
You worshipped Makhleb.
Makhleb was aware of your devotion.
You visited 1 branch of the dungeon, and saw 1 of its levels.

You collected 16 gold pieces.

Inventory:

Armour
 a - a +0 robe (worn)


   Skills:
 - Level 0.5 Fighting
 - Level 2.1 Dodging
 - Level 1.7 Stealth
 + Level 2.4 Spellcasting
 * Level 5.4 Summonings


You had 4 spell levels left.
You knew the following spells:

 Your Spells              Type           Power      Damage    Failure   Level
a - Summon Small Mammal   Summ           72%        N/A       2%          1

Your spell library contained the following spells:

 Spells                   Type           Power      Damage    Failure   Level
 Call Imp                 Summ           18%        N/A       3%          2
 Call Canine Familiar     Summ           18%        N/A       7%          3
 Summon Guardian Golem    Hex/Summ       9%         N/A       22%         3
 Summon Ice Beast         Ice/Summ       9%         N/A       56%         4
 Summon Lightning Spire   Summ/Air       9%         N/A       56%         4


Dungeon Overview and Level Annotations

Branches:
Dungeon (1/15)

Altars:
Makhleb


Innate Abilities, Weirdness & Mutations

You are amphibious.
You cover ground slowly.
You can hop short distances.
You have an extended range of vision and can be seen from far away.


Message History

Your quokka bites the bat.
You hit the hobgoblin but do no damage.
The hobgoblin is almost dead.
Your bat hits the kobold but does no damage.
Your bat hits the bat. The hobgoblin hits you.
Your quokka bites the bat.
You hit the hobgoblin but do no damage.
The hobgoblin is almost dead.
Your bat disappears in a puff of smoke!
The bat hits your quokka but does no damage.
The hobgoblin hits you.
Your quokka closely misses the bat.
The bat hits your quokka.
You hit the hobgoblin but do no damage.
The hobgoblin is almost dead.
The bat barely misses your quokka. The bat misses your quokka.
Your quokka barely misses the bat.
The hobgoblin hits you. The bat completely misses your quokka.
You hit the hobgoblin but do no damage.
The hobgoblin is almost dead.
The bat hits your quokka. The hobgoblin hits you.
The bat hits your quokka but does no damage.
You barely miss the hobgoblin.
The hobgoblin is almost dead.
The bat misses your quokka.
Your quokka misses the bat. The hobgoblin hits you.
* * * LOW HITPOINT WARNING * * *
Your quokka disappears in a puff of smoke!
The hobgoblin closely misses you.
You are too injured to fight recklessly!
You are too injured to fight recklessly!
The hobgoblin hits you.
* * * LOW HITPOINT WARNING * * *
The kobold hits the plant with a +0 short sword.
The plant begins to die.
You are too injured to fight recklessly!
You hit the plant but do no damage.
The hobgoblin hits you but does no damage.
The kobold hits the plant with a +0 short sword.
The hobgoblin hits you.
* * * LOW HITPOINT WARNING * * *
A nearby plant withers and dies.
The hobgoblin hits you.
You die...

#...)..[.# .#
#.†.....(# #
#..#≈#P..###.
#.##≈##...##.#
#.≈≈≈≈≈.#.##.#
#.##≈##.#.##.# #######
#..#≈#P.#.##.# ......#
##..P.P..#.##.########
......#
#...g@..(..##.........
......#
#...K<......#.........
......#
#........##.#.........
......#
#...P.P..##.#......(..
......#
#..P#≈#P.#............
......#
#..##≈##.#.#..#'######
......#
#..≈≈≈≈≈.#.#.>#.######
......#
#..##≈##.#.##..÷......
......#
#..P#≈#P.#.##.........


You could see a hobgoblin and a kobold.

Vanquished Creatures
  A ball python (D:1)
  A quokka (D:1)
  A bat (D:1)
3 creatures vanquished.

Vanquished Creatures (collateral kills)
  A dart slug (D:1)
  A ball python (D:1)
  2 giant cockroaches (D:1)
  A goblin (D:1)
  6 hobgoblins (D:1)
  2 kobolds (D:1)
  A quokka (D:1)
  3 frilled lizards (D:1)
  A rat (D:1)
18 creatures vanquished.

Vanquished Creatures (others)
  4 plants (D:1)
4 creatures vanquished.

Grand Total: 25 creatures vanquished

Notes
Turn   | Place    | Note
-------+----------+-------------------------------------------
     0 | D:1      | Hamester5 the Barachi Summoner began the quest for the Orb.
     0 | D:1      | Reached XP level 1. HP: 13/13 MP: 3/3
   147 | D:1      | Reached skill level 5 in Summonings
   344 | D:1      | Found a faded altar of an unknown god.
   564 | D:1      | Became a worshipper of Makhleb the Destroyer
   564 | D:1      | Reached * piety under Makhleb
   711 | D:1      | Reached XP level 2. HP: 20/20 MP: 3/5
  1556 | D:1      | Slain by a hobgoblin

Illustrated notes

Levels and vault maps discovered:
D:1:      eino_arrival_water_cross, layout_basic,
          hellmonk_ecumenical_altar_run_dry, corexii_item_surrounded_by_moat

Skill      XL: |  1 |
---------------+----+-----
Summonings     | 5 |  5.4
Fighting       | |  0.5
Dodging        | |  2.1
Stealth        | |  1.7
Spellcasting   | |  2.4

Action                   || total
-------------------------++-------
Melee: Unarmed           ||    39
 Cast: Summon Small Mamm ||    33
Armor: Robe              ||    49
Dodge: Dodged            ||   100

Table legend: (Time is in decaauts)
 A = Elapsed time spent in this place.
 B = Non-inter-level travel time spent in this place.
 C = Inter-level travel time spent in this place.
 D = Time resting spent in this place.
 E = Time spent auto-exploring this place.
 F = Levels seen in this place.
 G = Mean time per level.
                   A        B        C        D        E       F      G
               +--------+--------+--------+--------+--------+-----+--------+
         Total |   1649 |   1649 |      0 |    707 |    390 |   1 | 1649.0 |
       Dungeon |   1649 |   1649 |      0 |    707 |    390 |   1 | 1649.0 |
               +--------+--------+--------+--------+--------+-----+--------+

Top non-repeatable levels by time:
     D:1: 1649 daAuts
